Map: Nightscape LE

Players

Massa

  • Race: Terran Terran
  • League: Platinum
  • Spawn Location: 7:00

qqq

  • Race: Zerg Zerg
  • League: Platinum
  • Spawn Location: 7:00

crofa - Winner!

  • Race: Protoss Protoss
  • League: Diamond
  • Spawn Location: 1:00

Dokatos - Winner!

  • Race: Zerg Zerg
  • League: Diamond
  • Spawn Location: 1:00

VOD

Have the link to the VOD?

Description

Time

  • Played on: Jan. 19, 2021, 2:16 p.m.
  • Length: 12:20
Show
View Real Time Build Order
Export as new Build Order

Massa Terran 

Build Orders: Hellion Banshee 

Get SALT Encoding   

  12  0:00  SCV  
  13  0:12  SCV  
  14  0:22  Supply Depot  
  14  0:24  SCV  
  15  0:42  Refinery  
  15  0:44  SCV  
  15  0:45  Barracks  
  16  0:56  SCV  
  17  1:08  SCV  
  18  1:20  SCV  
  19  1:32  SCV  
  20  1:43  Barracks Reactor  
  21  1:47  Orbital Command  
  20  1:54  Command Center  
  20  2:01  Supply Depot  
  20  2:11  Factory  
  20  2:13  SCV  
  21  2:24  Marine x2  
  21  2:25  SCV  
  21  2:28  Supply Depot  
  24  2:37  SCV  
  24  2:41  Marine  
  24  2:42  Marine  
  27  2:46  Refinery  
  27  2:49  SCV  
  28  2:57  Starport  
  28  2:59  Marine x2  
  30  3:08  SCV  
  30  3:09  Orbital Command  
  31  3:24  Hellion  
  31  3:25  Hellion  
  31  3:26  Barracks Tech Lab  
  35  3:31  SCV  
  36  3:37  SCV  
  37  3:43  SCV  
  37  3:46  Hellion x2  
  42  3:50  Banshee  
  42  3:51  Barracks Tech Lab  
  42  3:55  Cloaking Field  
  45  4:07  Hellion x2  
  44  4:38  Banshee  
  46  4:58  Barracks Tech Lab  
  42  5:20  Siege Tank  
  36  5:27  Banshee  
  37  5:30  Marine  
  37  5:35  Barracks  
  38  5:37  Barracks x2, Stimpack  
  38  5:38  SCV x2  
  40  5:43  Barracks  
  40  5:48  Marine  
  40  5:49  Command Center  
  41  5:50  SCV x2  
  43  6:02  SCV x2  
  45  6:06  Marine  
  45  6:07  Siege Tank  
  49  6:14  SCV  
  50  6:23  Marine x2  
  50  6:24  Marine x2  
  54  6:31  Supply Depot  
  54  6:32  Supply Depot  
  54  6:33  Supply Depot  
  54  6:34  Supply Depot  
  54  6:40  Siege Tank  
  54  6:52  Marine x5  
  59  6:58  Supply Depot  
  59  6:59  Supply Depot  
  59  7:01  Supply Depot x2  
  59  7:02  Engineering Bay, Supply Depot  
  59  7:10  Marine x5  
  59  7:12  Medivac  
  59  7:15  Siege Tank  
  69  7:17  Barracks Tech Lab  
  69  7:22  SCV x2, Engineering Bay  
  71  7:27  Marine x4  
  71  7:28  Marauder  
  71  7:29  Orbital Command  
  77  7:34  SCV x2  
  79  7:45  Marine  
  79  7:49  Marauder  
  81  8:11  Marauder  
  79  8:18  Marauder, Marine  
  79  8:19  Marine x3  
  64  8:23  Raven  
  64  8:26  Cyclone  
  66  8:32  Refinery, Marauder  
  68  8:34  Refinery, SCV x3, Missile Turret  
  68  8:36  Marine x2  
  68  8:37  Marine x2  
  68  8:40  Marauder  
  77  8:46  SCV x3  
  77  8:48  Terran Infantry Weapons Level 1  
  80  8:54  Marauder  
  80  8:55  Marine x4  
  83  8:56  Missile Turret  
  83  8:58  Cyclone, SCV x2  
  83  8:59  SCV  
  83  9:00  Terran Infantry Armor Level 1, Marine  
  93  9:10  SCV  
  93  9:13  Marine x4  
  93  9:14  Marine  
  99  9:18  Marine  
  99  9:20  SCV  
  99  9:21  SCV  
  99  9:23  SCV  
  103  9:24  Refinery  
  103  9:26  Refinery  
  103  9:30  Marine  
  103  9:31  Marine x3  
  104  9:32  Marine  
  104  9:33  SCV  
  104  9:36  Marine  
  105  9:56  Orbital Command, Marine x6  
  109  10:13  Marine  
  110  10:14  Marine  
  110  10:15  Marauder x2, Combat Shield  
  110  10:17  Barracks Reactor  
  110  10:18  Barracks Tech Lab  
  115  10:25  Missile Turret x2  
  115  10:26  Armory  
  115  10:27  Sensor Tower  
  115  10:31  Marine  
  115  10:32  Marine  
  112  10:36  Marauder  
  93  11:08  Command Center  
  87  11:26  Marine x2  
  87  11:27  Marine x5  
  93  11:44  Marine x3  
  96  11:54  Marine  
  96  12:03  Command Center  
Show
View Real Time Build Order
Export as new Build Order

qqq Zerg 

Build Orders: Hatch First 

Get SALT Encoding   

  12  0:00  Drone  
  13  0:12  Drone  
  14  0:18  Overlord  
  14  0:47  Hatchery  
  13  0:52  Drone  
  13  0:53  Drone  
  15  1:04  Drone x2  
  17  1:24  Spawning Pool  
  16  1:25  Extractor  
  16  1:30  Drone x2  
  17  1:39  Drone  
  18  1:53  Drone  
  19  1:57  Drone  
  20  2:10  Overlord  
  20  2:11  Queen  
  20  2:12  Queen  
  20  2:13  Drone  
  20  2:14  Drone  
  26  2:21  Drone  
  27  2:23  Drone  
  28  2:30  Overlord  
  28  2:33  Metabolic Boost  
  28  2:36  Drone  
  29  2:40  Zergling x2  
  30  2:49  Evolution Chamber  
  30  2:50  Drone  
  30  2:51  Drone  
  31  3:00  Zergling x2  
  31  3:01  Zergling x2  
  31  3:04  Zergling x2  
  34  3:14  Zergling x2  
  34  3:17  Zergling x2  
  34  3:19  Hatchery  
  35  3:24  Zerg Melee Weapons Level 1  
  35  3:29  Overlord  
  35  3:30  Zergling x2  
  35  3:33  Zergling x2  
  36  3:35  Zergling x2  
  36  3:36  Zergling x2  
  36  3:41  Zergling x2  
  39  3:42  Zergling x2  
  39  3:47  Overlord  
  40  3:58  Zergling x2  
  40  3:59  Zergling x6  
  40  4:02  Zergling x2  
  45  4:14  Zergling x2  
  45  4:15  Zergling x2  
  40  4:34  Zergling x6  
  40  4:36  Zergling x4  
  40  4:37  Zergling x4  
  44  4:46  Zergling x6  
  44  4:50  Lair  
  44  5:01  Zergling x2  
  44  5:02  Zergling x8  
  44  5:04  Queen  
  45  5:07  Drone  
  45  5:08  Drone  
  45  5:09  Zergling x2  
  46  5:25  Zergling x2  
  46  5:26  Zergling x6  
  46  5:27  Zergling x4  
  46  5:28  Zergling x2  
  52  5:34  Drone x2  
  49  6:10  Zergling x6  
  49  6:11  Zergling x6  
  45  6:25  Zergling x2  
  45  6:26  Zergling x6  
  45  6:27  Zergling x2  
  49  6:38  Zergling x2  
  49  6:39  Zergling x6  
  49  6:40  Drone x4  
  53  6:50  Zerg Ground Armor Level 1, Spire  
  53  6:51  Drone  
  53  6:53  Extractor  
  52  6:54  Extractor  
  52  6:56  Extractor  
  52  7:00  Zergling x2  
  52  7:01  Drone  
  52  7:10  Hatchery  
  52  7:14  Hatchery  
  50  7:17  Drone  
  52  7:25  Drone x5  
  52  7:27  Drone, Overlord  
  58  7:31  Hatchery  
  57  7:39  Drone  
  58  7:44  Hatchery  
  58  7:49  Zergling x2, Overlord  
  58  7:58  Drone x2  
  44  8:07  Zergling x6  
  44  8:08  Drone, Zergling x2  
  44  8:10  Mutalisk  
  50  8:18  Corruptor  
  51  8:24  Drone x2  
  52  8:33  Corruptor  
  54  8:38  Mutalisk  
  56  8:41  Drone  
  56  8:42  Drone  
  56  8:44  Drone  
  56  8:45  Spore Crawler  
  56  8:48  Mutalisk  
  58  8:53  Mutalisk  
  62  8:58  Zerg Flyer Weapons Level 1  
  62  9:07  Mutalisk  
  62  9:09  Infestation Pit  
  63  9:13  Mutalisk  
  63  9:14  Mutalisk  
  65  9:19  Corruptor  
  65  9:22  Drone  
  68  9:24  Drone  
  68  9:26  Drone  
  68  9:28  Drone  
  71  9:36  Mutalisk  
  71  9:37  Corruptor  
  67  9:55  Mutalisk  
  67  9:56  Corruptor x2  
  67  9:58  Drone x3  
  67  9:59  Drone  
  77  10:01  Drone  
  77  10:06  Corruptor  
  80  10:08  Drone  
  80  10:10  Drone  
  80  10:11  Drone  
  83  10:19  Drone  
  83  10:20  Corruptor  
  86  10:24  Extractor  
  86  10:26  Extractor, Corruptor  
  82  10:41  Corruptor x2  
  84  10:51  Drone x7  
  84  10:52  Drone x2  
  92  10:59  Overlord x3  
  91  11:04  Drone  
  91  11:07  Hive  
  92  11:13  Spore Crawler  
  92  11:14  Spore Crawler  
  86  11:25  Corruptor x2  
  86  11:26  Corruptor x2  
  86  11:28  Drone  
  86  11:29  Drone x2  
  82  11:40  Corruptor  
  82  11:43  Drone x5  
  52  11:56  Drone x6  
Show
View Real Time Build Order
Export as new Build Order

crofa Protoss - Winner!

Build Orders: Carriers 

Get SALT Encoding   

  12  0:00  Probe  
  13  0:12  Probe  
  14  0:27  Probe  
  15  0:29  Pylon  
  15  0:47  Probe (Chrono Boost)  
  16  0:52  Gateway  
  16  0:59  Probe (Chrono Boost)  
  16  1:00  Assimilator  
  17  1:04  Probe (Chrono Boost), Pylon  
  18  1:14  Probe  
  19  1:26  Probe  
  19  1:27  Assimilator  
  20  1:38  Probe  
  21  1:50  Probe (Chrono Boost)  
  22  1:56  Cybernetics Core  
  22  1:58  Pylon  
  23  2:02  Probe (Chrono Boost)  
  23  2:06  Pylon  
  23  2:08  Probe (Chrono Boost)  
  23  2:11  Gateway  
  24  2:16  Probe  
  25  2:28  Probe  
  26  2:38  Nexus  
  26  2:39  Warp Gate  
  26  2:40  Probe  
  27  2:49  Gateway  
  27  3:01  Probe  
  28  3:08  Stargate  
  28  3:12  Stalker  
  30  3:13  Probe (Chrono Boost)  
  31  3:24  Probe (Chrono Boost)  
  32  3:28  Probe (Chrono Boost)  
  33  3:36  Stalker x2  
  33  3:39  Probe  
  38  3:45  Assimilator  
  38  3:49  Assimilator  
  38  3:52  Probe  
  38  3:53  Probe  
  40  4:04  Probe  
  40  4:05  Probe  
  40  4:08  Stalker  
  40  4:09  Stalker  
  46  4:23  Probe, Pylon  
  45  4:35  Probe  
  46  4:48  Probe  
  47  5:00  Probe  
  47  5:03  Zealot x2  
  52  5:10  Probe  
  52  5:12  Probe  
  54  5:17  Pylon  
  54  5:35  Probe x2, Cybernetics Core  
  56  5:43  Void Ray  
  56  5:44  Fleet Beacon  
  56  5:47  Probe x2  
  62  6:09  Probe x2  
  62  6:17  Robotics Facility  
  62  6:21  Pylon  
  62  6:22  Probe x2  
  62  6:24  Forge  
  62  6:33  Pylon  
  62  6:34  Pylon  
  62  6:39  Probe x2, Carrier  
  62  7:00  Stargate  
  62  7:04  Photon Cannon  
  62  7:09  Stargate  
  62  7:12  Stargate  
  62  7:13  Protoss Shields Level 1 (Chrono Boost)  
  62  7:16  Pylon  
  62  7:18  Pylon  
  62  7:20  Pylon  
  62  7:22  Pylon  
  62  7:33  Protoss Air Weapons Level 1  
  62  7:37  Stalker x3  
  68  7:48  Carrier x2  
  80  7:55  Carrier  
  82  8:22  Carrier  
  88  8:52  Carrier  
  88  8:54  Nexus  
  94  8:56  Pylon x2  
  94  8:59  Pylon  
  94  9:02  Assimilator  
  94  9:07  Assimilator  
  94  9:08  Carrier  
  100  9:12  Pylon  
  100  9:14  Pylon  
  100  9:15  Pylon  
  100  9:17  Pylon  
  100  9:20  Photon Cannon  
  100  9:22  Photon Cannon  
  100  9:25  Photon Cannon  
  100  9:27  Photon Cannon  
  100  9:30  Photon Cannon  
  100  9:42  Protoss Air Armor Level 1  
  96  9:57  Carrier  
  96  9:58  Carrier  
  108  10:24  Carrier  
  114  10:33  Twilight Council  
  112  11:01  Carrier  
Show
View Real Time Build Order
Export as new Build Order

Dokatos Zerg - Winner!

Build Orders: Hatch First 

Get SALT Encoding   

  12  0:00  Drone  
  13  0:12  Drone  
  14  0:17  Overlord  
  14  0:36  Drone x3  
  17  0:52  Hatchery  
  17  0:55  Drone  
  17  0:59  Drone  
  18  1:10  Overlord  
  18  1:20  Spawning Pool  
  18  1:22  Extractor  
  18  1:24  Drone  
  17  1:30  Drone  
  18  1:43  Drone  
  20  1:54  Drone  
  20  2:06  Queen  
  20  2:07  Queen  
  24  2:13  Zergling x4  
  24  2:14  Zergling x2  
  27  2:20  Zergling x2  
  27  2:21  Spine Crawler  
  27  2:26  Drone  
  28  2:32  Metabolic Boost  
  28  2:42  Queen  
  30  2:53  Drone x4  
  30  2:54  Drone  
  35  3:01  Baneling Nest  
  34  3:15  Overlord  
  34  3:16  Overlord  
  34  3:23  Drone x2  
  36  3:28  Overlord  
  36  3:38  Drone x5  
  36  3:39  Drone  
  42  3:54  Zergling x2  
  42  3:55  Zergling x8  
  45  4:04  Baneling  
  45  4:05  Baneling x4  
  45  4:06  Zergling x8  
  49  4:18  Zergling x2  
  49  4:19  Zergling x4  
  52  4:40  Overlord x2  
  51  5:00  Drone x6  
  56  5:12  Queen, Spore Crawler  
  54  5:29  Extractor, Drone x6  
  54  5:31  Evolution Chamber x2  
  54  5:34  Zergling x2  
  58  5:44  Baneling x9  
  58  5:46  Drone x2  
  58  5:59  Hatchery  
  55  6:09  Hatchery  
  52  6:13  Spore Crawler  
  52  6:14  Lair  
  52  6:17  Spore Crawler  
  49  6:19  Drone x7  
  54  6:38  Extractor  
  54  6:39  Extractor  
  51  6:44  Zerg Melee Weapons Level 1  
  50  6:50  Baneling  
  50  6:51  Baneling  
  50  6:59  Zergling x12  
  50  7:00  Zergling x6  
  59  7:24  Zerg Ground Armor Level 1  
  59  7:25  Zergling x2  
  59  7:26  Zergling x12  
  59  7:27  Queen  
  59  7:29  Drone  
  70  7:30  Drone  
  70  7:31  Baneling x3  
  70  7:32  Baneling  
  70  7:47  Spine Crawler  
  70  7:48  Drone x5  
  70  7:49  Spine Crawler  
  70  7:51  Overlord x4  
  56  8:19  Drone x7, Queen  
  55  8:30  Zergling x14  
  62  8:41  Zerg Melee Weapons Level 2  
  62  8:46  Hatchery  
  61  8:58  Drone x13, Hatchery  
  61  9:01  Extractor  
  72  9:03  Extractor  
  72  9:06  Hatchery, Infestation Pit  
  69  9:10  Zergling x6  
  69  9:11  Zergling x2  
  73  9:18  Baneling x7  
  73  9:23  Centrifical Hooks  
  73  9:35  Overseer x2  
  73  9:39  Zergling x2  
  73  9:40  Zergling x14  
  73  9:44  Pathogen Glands  
  81  9:51  Spore Crawler x2  
  81  9:52  Spore Crawler  
  78  9:54  Spore Crawler  
  77  10:04  Drone x6  
  83  10:07  Spore Crawler  
  83  10:11  Hive  
  82  10:20  Overlord  
  67  10:50  Zergling x2  
  67  10:51  Zergling x34  
  84  10:58  Queen  
  85  11:18  Queen  
  87  11:22  Drone x12  
  87  11:23  Drone x2  
  101  11:39  Spore Crawler  
  99  11:40  Spine Crawler  
  99  11:41  Baneling x13  
  99  11:42  Baneling  
  95  11:50  Extractor  
  95  11:51  Extractor  
  91  12:04  Ultralisk Cavern  
Tags
 
Add a new tag
Caveats
  • Supply blocks, unpowered buildings, or Contaminate may cause inaccurate times.
  • Supply counts are checked every 10 seconds.